 Dungeon Crawl Stone Soup version 0.30-a0-800-g7c544603b3 (webtiles) character file.

Game seed: 1586193302643464556

31 mistaj the Trooper (level 3, 0/20 HPs)
             Began as a Vine Stalker Fighter on Feb 21, 2023.
             Succumbed to an adder's poison
             ... on level 2 of the Dungeon.
             The game lasted 00:01:08 (791 turns).

mistaj the Trooper (Vine Stalker Fighter)            Turns: 791, Time: 00:01:08

Health: 0/20       AC:  6    Str: 20    XL:     3   Next: 22%
Magic:  3/4        EV:  9    Int:  8    God:
Gold:   41         SH:  4    Dex: 13    Spells: 2/2 levels left

rFire   . . .      SeeInvis .    a - +0 war axe
rCold   . . .      Faith    .    c - +0 buckler
rNeg    . . .      Spirit   +    b - +0 scale mail
rPois   .          Reflect  .    (no helmet)
rElec   .          Harm     .    (no cloak)
rCorr   .          Rampage  .    (no gloves)
Will    .....                    (no boots) Stlth
                                 (no amulet)
HPRegen 0.23/turn                (no ring)
MPRegen 0.09/turn                (no ring)

@: lethally poisoned (0 -> -2)
A: fangs 2, magic shield, antimagic bite, no potion heal 2
a: no special abilities


You were on level 2 of the Dungeon.
You visited 1 branch of the dungeon, and saw 2 of its levels.

You collected 41 gold pieces.

Inventory:

Hand Weapons
 a - a +0 war axe (weapon)
Armour
 b - a +0 scale mail (worn)
 c - a +0 buckler (worn)
Scrolls
 g - 2 scrolls of teleportation {unknown}
 j - a scroll of magic mapping {unknown}
 k - a scroll of identify {unknown}
 l - a scroll of vulnerability {unknown}
Potions
 d - a potion of might
 e - 3 potions of attraction {unknown}
 f - a potion of flight {unknown}
 h - 2 potions of mutation {unknown}
 i - 2 potions of curing {unknown}


   Skills:
 + Level 3.1 Fighting
 + Level 2.3 Axes
 - Level 2.4 Armour
 + Level 3.1 Shields


You had 2 spell levels left.
You didn't know any spells.
Your spell library was empty.

Dungeon Overview and Level Annotations

Branches:
Dungeon (2/15)

Altars:


Innate Abilities, Weirdness & Mutations

You have extremely sharp teeth.
When hurt, damage is shared between your health and your magic reserves.
Your bite disrupts and absorbs the magic of your enemies.
Potions cannot restore your health.


Message History

You hit the adder. Your bite misses the adder.
The adder is moderately wounded.
You block the adder's attack. The adder bites you but does no damage.
You closely miss the adder. Your bite misses the adder.
The adder is moderately wounded.
The adder bites you.
You are poisoned.
The adder poisons you! The adder bites you but does no damage.
You closely miss the adder.
The adder is moderately wounded.
You feel very sick. The adder bites you.
You are more poisoned.
The adder poisons you! The adder bites you but does no damage.
You closely miss the adder.
The adder is moderately wounded.
You feel very sick. The adder barely misses you. The adder bites you.
You are too injured to fight recklessly!
You are too injured to fight recklessly!
You are too injured to fight recklessly!
You closely miss the adder.
The adder is moderately wounded.
* * * LOW HITPOINT WARNING * * *
You feel very sick. The adder closely misses you.
You hit the adder but do no damage. Your bite misses the adder.
The adder is moderately wounded.
* * * LOW HITPOINT WARNING * * *
You feel sick. The adder barely misses you. The adder bites you.
* * * LOW HITPOINT WARNING * * *
You hit the adder. Your bite misses the adder.
The adder is moderately wounded.
* * * LOW HITPOINT WARNING * * *
You feel sick. You block the adder's attack.
The adder bites you but does no damage.
You closely miss the adder. You bite the adder. You drain its power.
You feel invigorated.
The adder is almost dead.
You die...

...... ...# ..#.. ...#
.... ...# .# ...#...##.
......... .w..... #
#S##..#.. . #@##..#.# ..
#.##..#.# ... #.##..#.# #
#...##.......###.#
#...###........#
###...##.....##
################.##.....#
#..........)........#####
#.################.##


You could see an adder and a dart slug.

Vanquished Creatures
  A dart slug (D:2)
  4 endoplasms (D:1)
  A goblin (D:1)
  2 hobgoblins (D:1)
  2 jackals (D:1)
  4 quokkas
  A ball python (D:1)
  3 bats (D:1)
  3 frilled lizards (D:1)
  2 kobolds
  4 rats
27 creatures vanquished.

Notes
Turn   | Place    | Note
-------+----------+-------------------------------------------
     0 | D:1      | mistaj the Vine Stalker Fighter began the quest for the
                  | Orb.
     0 | D:1      | Reached XP level 1. HP: 11/11 MP: 2/2
    99 | D:1      | Reached XP level 2. HP: 15/16 MP: 3/3
   516 | D:1      | Reached XP level 3. HP: 17/20 MP: 2/4
   790 | D:2      | HP: 1/20 [poisoned by an adder]
   791 | D:2      | Succumbed to an adder's poison

Illustrated notes

Levels and vault maps discovered:
D:1:      dpeg_arrival_erosion, layout_loops_ring, serial_glass,
          glass_columns_a, glass_columns_a
D:2:      layout_basic, shapermc_ecumenical_altar_notcrosses,
          kennysheep_generic_room_4

Skill      XL: |  1  2 |
---------------+-------+-----
Axes           | 2 |  2.3
Fighting       | 3 |  3.1
Shields        | 3 |  3.1
Armour         | |  2.4

Action                     || total
---------------------------++-------
  Melee: War axe           ||    75
         Bite              ||    12
 Armour: Scale mail        ||    37
  Dodge: Dodged            ||    41
  Block: Buckler           ||    13

Table legend: (Time is in decaauts)
 A = Elapsed time spent in this place.
 B = Non-inter-level travel time spent in this place.
 C = Inter-level travel time spent in this place.
 D = Time resting spent in this place.
 E = Time spent auto-exploring this place.
 F = Levels seen in this place.
 G = Mean time per level.
                   A        B        C        D        E       F      G
               +--------+--------+--------+--------+--------+-----+--------+
         Total |    823 |    804 |     19 |     38 |    539 |   2 |  411.5 |
       Dungeon |    823 |    804 |     19 |     38 |    539 |   2 |  411.5 |
               +--------+--------+--------+--------+--------+-----+--------+

Top non-repeatable levels by time:
     D:1: 720 daAuts
     D:2: 102 daAuts
